Map: Prion Terraces

Players

AcerNerchio (Nerchio)

  • Race: Zerg Zerg

speaknow (ByuN) - Winner!

  • Race: Terran Terran
  • League: Platinum

VOD

Have the link to the VOD?

Description

Time

  • Played on: Dec. 14, 2015, 11:04 p.m.
  • Length: 9:03
Show
View Real Time Build Order
Export as new Build Order

AcerNerchio Zerg 

Build Orders: Hatch First 

Get SALT Encoding   

  12  0:01  Drone  
  13  0:12  Overlord  
  13  0:17  Drone  
  14  0:30  Drone  
  14  0:31  Drone  
  14  0:34  Drone  
  17  0:54  Hatchery  
  17  0:55  Drone  
  17  0:58  Drone  
  18  1:11  Spawning Pool  
  18  1:14  Drone  
  18  1:17  Drone  
  19  1:20  Extractor  
  18  1:28  Drone  
  19  1:39  Overlord  
  19  1:58  Queen, Zergling x2  
  19  2:00  Zergling x2  
  23  2:06  Zergling x2, Queen  
  26  2:11  Drone  
  27  2:17  Drone  
  28  2:23  Roach Warren  
  28  2:25  Drone  
  28  2:29  Drone  
  29  2:32  Drone  
  29  2:41  Overlord  
  29  2:43  Queen  
  29  3:04  Roach x4  
  29  3:05  Roach  
  39  3:08  Roach  
  39  3:09  Roach  
  40  3:16  Roach  
  42  3:21  Overlord  
  40  3:30  Drone  
  40  3:31  Drone x2  
  43  3:44  Drone  
  43  3:45  Drone x4  
  43  3:47  Drone x2  
  46  3:52  Roach  
  46  3:54  Roach  
  50  4:02  Roach  
  50  4:06  Drone, Extractor  
  50  4:07  Queen  
  52  4:15  Overlord x2  
  52  4:30  Hatchery  
  51  4:33  Drone  
  51  4:34  Overlord  
  51  4:36  Drone  
  51  4:37  Drone x2  
  55  4:42  Drone x2  
  57  4:48  Queen  
  57  4:49  Drone x2  
  61  4:53  Drone x3  
  61  4:57  Evolution Chamber  
  61  4:59  Evolution Chamber  
  62  5:00  Drone x2  
  64  5:12  Drone x2  
  60  5:18  Drone x3  
  62  5:24  Drone x3  
  62  5:25  Drone  
  64  5:29  Zerg Melee Weapons Level 1  
  64  5:30  Zerg Ground Armor Level 1  
  64  5:35  Extractor  
  63  5:38  Drone x2  
  65  5:44  Overlord  
  65  5:46  Drone x2  
  65  5:49  Queen  
  69  5:51  Metabolic Boost  
  69  5:53  Overlord  
  69  5:56  Overlord  
  69  5:59  Drone x2  
  71  6:04  Drone  
  71  6:05  Drone x4  
  76  6:11  Lair  
  76  6:16  Zergling x6  
  76  6:17  Zergling x2  
  80  6:21  Zergling x2  
  80  6:24  Zergling x2  
  83  6:25  Zergling x2  
  83  6:29  Queen  
  83  6:34  Zergling x10  
  83  6:35  Zergling x2  
  71  6:46  Zergling x4  
  61  6:49  Drone x2  
  61  6:50  Drone x2  
  61  6:51  Drone  
  61  6:52  Drone x2  
  62  6:55  Drone  
  62  6:56  Drone  
  62  6:58  Drone  
  62  7:01  Drone  
  62  7:02  Drone x2  
  62  7:07  Drone x2  
  67  7:09  Glial Reconstitution  
  67  7:10  Drone  
  68  7:16  Ravager  
  68  7:17  Ravager x2  
  68  7:21  Roach x2  
  75  7:23  Overlord  
  75  7:28  Drone x3  
  75  7:29  Extractor  
  77  7:30  Roach x2  
  77  7:33  Zergling x4  
  77  7:35  Zergling x2  
  81  7:37  Hatchery, Zergling x4  
  81  7:38  Zergling x2  
  81  7:39  Zergling x2  
  73  7:46  Zergling x4  
  73  7:47  Zergling x4  
  73  7:48  Queen  
  72  7:59  Zergling x2  
  72  8:00  Zergling x12  
  72  8:01  Zergling x2  
  72  8:05  Zergling x4  
  81  8:11  Zergling x2  
  81  8:12  Zergling x4  
  78  8:17  Queen x2  
  82  8:26  Roach x4  
  87  8:33  Roach x2  
  80  8:34  Roach  
  80  8:36  Roach  
Show
View Real Time Build Order
Export as new Build Order

speaknow Terran - Winner!

Build Orders: MMM Bio 

Get SALT Encoding   

  12  0:01  SCV  
  13  0:14  Supply Depot  
  13  0:17  SCV  
  14  0:24  Refinery  
  14  0:30  SCV  
  15  0:43  Barracks  
  15  0:45  SCV  
  16  0:58  SCV  
  17  1:05  Barracks  
  17  1:10  SCV  
  18  1:22  SCV  
  19  1:30  Reaper  
  20  1:34  Orbital Command  
  20  1:42  Barracks  
  20  1:53  Supply Depot, Reaper  
  21  2:00  SCV  
  22  2:02  Reaper  
  22  2:06  Refinery  
  23  2:15  SCV  
  24  2:25  Reaper  
  24  2:27  Supply Depot, SCV  
  26  2:34  Reaper  
  26  2:36  Reaper  
  28  2:39  SCV  
  30  2:51  SCV  
  30  2:57  Reaper  
  31  3:03  SCV  
  32  3:06  Reaper  
  33  3:14  Reaper  
  33  3:15  SCV  
  35  3:20  Command Center, Supply Depot  
  35  3:27  SCV  
  36  3:38  Bunker  
  36  3:39  SCV  
  37  3:47  Barracks Reactor x2  
  36  3:49  Barracks Tech Lab  
  36  3:51  SCV  
  36  4:04  SCV  
  36  4:09  Marauder  
  39  4:12  Stimpack  
  39  4:16  SCV  
  39  4:20  Factory, Engineering Bay  
  39  4:25  Marine x3  
  39  4:26  Marine  
  39  4:28  SCV  
  44  4:35  Marauder  
  46  4:39  Orbital Command  
  46  4:45  SCV  
  47  4:49  Marine x4  
  51  4:57  SCV, Marauder  
  54  5:00  Terran Infantry Weapons Level 1  
  54  5:05  Refinery  
  54  5:06  Marine x2  
  55  5:09  SCV  
  56  5:18  Marine x2  
  56  5:24  Marine  
  56  5:25  Marauder  
  56  5:26  Starport, Factory Reactor  
  56  5:27  SCV x2  
  58  5:39  SCV x2, Marine x2  
  58  5:41  Supply Depot  
  62  5:46  Supply Depot  
  62  6:03  SCV x2, Marauder, Marine x4  
  70  6:10  Factory Tech Lab, Medivac x2  
  74  6:15  Refinery, Barracks  
  74  6:16  Barracks  
  74  6:17  Supply Depot  
  74  6:20  SCV  
  74  6:21  SCV  
  74  6:23  Combat Shields  
  76  6:27  Marine x2  
  76  6:29  Marine  
  76  6:30  Marine  
  80  6:34  Marine  
  81  6:45  Marine x2  
  79  6:47  Marine x2  
  79  6:51  Medivac x2  
  79  6:52  Marauder  
  81  7:00  SCV x2  
  78  7:02  Siege Tank  
  78  7:03  Barracks Reactor, Marine x2  
  78  7:04  Barracks Reactor  
  78  7:07  Terran Infantry Armor Level 1  
  85  7:18  Supply Depot, Marine  
  85  7:22  Marine x4  
  87  7:28  Medivac x2  
  92  7:35  Marine  
  89  7:46  Marine x4  
  89  7:48  Marine x3  
  89  7:49  Marine  
  95  7:53  Siege Tank  
  95  7:54  Marauder  
  97  8:04  Marine x4  
  100  8:06  Marine x2  
  100  8:11  Supply Depot, Marine x2  
  104  8:15  Marine  
  104  8:18  Supply Depot  
  105  8:21  Supply Depot  
  104  8:27  Marine  
  104  8:28  Marine x2  
  104  8:29  Marine  
  104  8:31  Marine  
  104  8:33  Marauder  
  104  8:34  Marine x2  
Tags
 
Add a new tag
Caveats
  • Supply blocks, unpowered buildings, or Contaminate may cause inaccurate times.
  • Supply counts are checked every 10 seconds.